 Dungeon Crawl Stone Soup version 0.29-a0-1065-g47a6bb87d6 (webtiles) character file.

Game seed: 7314395239371757180

5030 Newt the Slicer (level 10, -2/106 HPs)
             Began as a Demonspawn Gladiator on Aug 18, 2022.
             Was an Initiate of Gozag.
             Killed from afar by a gargoyle (28 damage)
             ... with a stone arrow
             ... on level 8 of the Dungeon.
             The game lasted 00:19:46 (8271 turns).

Newt the Slicer (Demonspawn Gladiator)              Turns: 8271, Time: 00:19:47

Health: -2/106     AC: 25    Str: 18    XL:     10   Next: 30%
Magic:  10/10      EV:  2    Int: 10    God:    Gozag
Gold:   720        SH:  0    Dex: 15    Spells: 9/9 levels left

rFire   . . .      SeeInvis .   R - +4 short sword (freeze)
rCold   . . .      Faith    .   (no shield)
rNeg    . . .      Spirit   .   (body armour currently unavailable)
rPois   +          Reflect  .   (helmet currently unavailable)
rElec   .          Harm     .   (cloak currently unavailable)
rCorr   .          Rampage  .   (gloves currently unavailable)
Will    .....      NoTele   +   (boots currently unavailable)
Stlth   +++.......              (no amulet)
HPRegen 1.27/turn               (no ring)
MPRegen 0.12/turn               (no ring)

@: tree-form (expiring), gold aura
A: stationary, stasis, torment immunity, boosted hp, (hooves 2), powered by
death 1, (weakness stinger 1), (demonic touch 2)
a: Renounce Religion, Potion Petition, Call Merchant, Bribe Branch


You were on level 8 of the Dungeon.
You worshipped Gozag.
Gozag was pleased with you.
You were a tree.
You visited 1 branch of the dungeon, and saw 8 of its levels.

You collected 1058 gold pieces.
You spent 300 gold pieces at shops.
You paid 38 gold pieces to Gozag.

Inventory:

Hand Weapons
 a - a +0 rapier
 f - a +0 vampiric short sword
 h - a +1 dagger of draining
 H - a +0 sling
 O - a +1 long sword of electrocution
 Q - the +2 hand axe "Sicoang" {venom, *Slow Int+2 Dex+3}
   (You found it on level 8 of the Dungeon)

   It poisons the flesh of those it strikes.
   Int:       It affects your intelligence (+2).
   Dex:       It affects your dexterity (+3).
   *Slow:     It may slow you when you take damage.
 R - a +4 short sword of freezing (weapon)
Missiles
 d - 4 throwing nets
 e - 3 javelins
 g - 9 boomerangs (quivered)
 w - 70 stones
 B - 12 poisoned darts
 L - a curare-tipped dart
Armour
 b - a +0 leather armour (melded)
 c - a +0 helmet (melded)
 G - a +1 cloak (melded)
Jewellery
 o - a +6 ring of intelligence
 y - a +6 ring of intelligence
Wands
 u - a wand of paralysis (2)
 M - a wand of flame (26)
Scrolls
 l - a scroll of enchant armour
 m - a scroll of amnesia
 r - 3 scrolls of teleportation
 C - 3 scrolls of enchant weapon
 E - a scroll of noise {unknown}
 F - 2 scrolls of butterflies
 I - a scroll of silence
 J - a scroll of poison {unknown}
 K - a scroll of magic mapping {unknown}
 N - 2 scrolls of vulnerability
Potions
 i - 3 potions of degeneration
 j - a potion of flight
 k - 3 potions of might
 n - a potion of berserk rage
 p - a potion of magic
 s - a potion of heal wounds
 t - a potion of mutation
 v - a potion of invisibility
 z - 2 potions of resistance
 A - 4 potions of curing
 P - a potion of attraction


   Skills:
 - Level 4.0 Fighting
 - Level 8.0 Short Blades
 + Level 7.0 Throwing
 - Level 4.0 Armour
 - Level 4.0 Dodging
 - Level 7.0 Stealth
 - Level 4.0 Evocations


You had 9 spell levels left.
You didn't know any spells.
Your spell library contained the following spells:

 Spells                   Type           Power      Damage    Failure   Level
 Apportation              Tloc           0%         N/A       36%         1
 Alistair's Intoxication  Tmut/Pois      0%         N/A       100%        5
 Fireball                 Conj/Fire      0%         3d3       100%        5
 Iskenderun's Battlesphe  Conj           0%         2d6       100%        5
 Conjure Ball Lightning   Conj/Air       0%         3x3d6     100%        6
 Orb of Destruction       Conj           0%         9d5       100%        7


Dungeon Overview and Level Annotations

Branches:
Dungeon (8/15)             Temple (0/1) D:7
   Lair: D:8-11

Altars:
Ashenzari
Cheibriados
Gozag
Ru
Sif Muna
Wu Jian
Xom

Shops:
D:6 ?   D:7 *

Annotations:
D:4 3 runed translucent doors, Stellion's ghost, amateur DrCj


Innate Abilities, Weirdness & Mutations

You are a tree.
Your roots penetrate the ground, keeping you stationary.
You cannot be teleported.
You are immune to unholy pain and torment.
Your maximum health is greatly increased.
Your equipment is partially melded.
((You have hoof-like feet.))
You regenerate a little health from kills.
((You have a small tail.))
((Your touch may inflict irresistible damage on your foes.))


Message History

The killer bee stings you but does no damage. x2
You swing at nothing.
You feel less invigorated.
You feel less confused.
The killer bee stings you but does no damage.
You hit the killer bee. You freeze the killer bee.
The killer bee is moderately wounded.
The killer bee stings you but does no damage. x2
You hit the killer bee. You freeze the killer bee.
The killer bee is heavily wounded.
The killer bee stings you.
You completely miss the killer bee.
The killer bee is heavily wounded.
The killer bee stings you but does no damage.
You closely miss the killer bee.
The killer bee is heavily wounded.
The killer bee stings you.
The killer bee stings you but does no damage.
You hit the killer bee. You freeze the killer bee.
The killer bee is almost dead.
The killer bee stings you but does no damage.
You hit the killer bee. You freeze the killer bee.
You kill the killer bee!
Your transformation is almost over.
The gargoyle hurls a stone arrow at you.
The stone arrow hits you!
* * * LOW HITPOINT WARNING * * *
You swing at nothing.
You hit the gargoyle but do no damage. You hit the gargoyle.
You freeze the gargoyle.
The gargoyle is lightly damaged.
The gargoyle hits you but does no damage.
You barely miss the gargoyle.
The gargoyle is lightly damaged.
The gargoyle hits you but does no damage.
You hit the gargoyle but do no damage.
The gargoyle is lightly damaged.
The gargoyle hurls a stone arrow at you.
The stone arrow hits you!!
You die...
Your body crumbles into a pile of gold.

######..# #. $
..#..# # #. #.#..#
#. .. .# #.#..#
#..#. .#. ###.#.<##
#..#.
#.#.##........ ...
#.#.##.#>...## #9##
#.#.##.#...##
###♣###.#.##.#...#
#................#
#.........##.#[.##
#...##.##.......#
#...####.##.##.##.#
#### #..........#
####...........
####.####### #.#


You could see a gargoyle.

Vanquished Creatures
  A hydra (D:6)
  Pikel (D:7)
  Maurice (D:8)
  A shadow (D:6)
  A steam dragon (D:6)
  An acid dragon (D:8)
  2 water moccasins (D:6)
  A sky beast (D:6)
  3 ice beasts
  4 black bears
  2 ogres (D:5)
  2 centaurs
  A lemure (D:7)
  2 kobold brigands (D:7)
  A bullfrog (D:5)
  5 scorpions
  2 necrophages
  5 wights
  The ghost of siradein the Trooper, a weakling HOMo (D:3)
  9 killer bees
  3 howler monkeys
  A jelly (D:5)
  2 orc priests (D:5)
  5 hounds
  A gnoll bouda (D:5)
  Jessica (D:2)
  An iguana (D:4)
  An orc wizard (D:5)
  6 gnolls
  6 adders
  A shadow imp (D:7)
  3 dart slugs
  A worm (D:3)
  5 orcs
  8 endoplasms
  2 giant cockroaches
  7 goblins
  4 hobgoblins
  4 jackals (D:2)
  7 quokkas
  4 ball pythons
  8 bats
  A frilled lizard (D:1)
  15 kobolds
  5 rats
148 creatures vanquished.

Notes
Turn   | Place    | Note
-------+----------+-------------------------------------------
     0 | D:1      | Newt the Demonspawn Gladiator began the quest for the Orb.
     0 | D:1      | Reached XP level 1. HP: 16/16 MP: 1/1
    47 | D:1      | Reached skill level 1 in Stealth
   132 | D:1      | Discovered your monstrous ancestry.
   132 | D:1      | Gained mutation: You have large cloven feet. [demonic
                  | ancestry]
   132 | D:1      | Reached XP level 2. HP: 15/22 MP: 2/2
   334 | D:1      | Reached skill level 3 in Short Blades
   754 | D:1      | Gained mutation: Your touch may inflict minor irresistible
                  | damage on your foes. [demonic ancestry]
   754 | D:1      | Reached XP level 3. HP: 15/27 MP: 3/3
   979 | D:2      | Found a faded altar of an unknown god.
  1047 | D:2      | Noticed Jessica
  1052 | D:2      | Killed Jessica
  1074 | D:2      | Reached XP level 4. HP: 32/33 MP: 4/4
  1192 | D:2      | Reached skill level 4 in Short Blades
  1932 | D:3      | Found a runed translucent door.
  1932 | D:3      | Noticed siradein's ghost (weakling HOMo)
  1949 | D:3      | Killed siradein's ghost
  1950 | D:3      | Gained mutation: Your touch may inflict irresistible damage
                  | on your foes. [demonic ancestry]
  1950 | D:3      | Reached XP level 5. HP: 17/41 MP: 5/5
  2146 | D:3      | Found an opulent altar of Gozag.
  2153 | D:3      | Became a worshipper of Gozag Ym Sagoz the Greedy
  2667 | D:3      | Found an ornate altar of the Wu Jian Council.
  2973 | D:4      | Found a runed translucent gate.
  2973 | D:4      | Found a runed translucent gate.
  2973 | D:4      | Found a runed translucent gate.
  3090 | D:4      | Noticed Stellion's ghost (amateur DrCj)
  3186 | D:4      | Gained mutation: You have hoof-like feet. [demonic
                  | ancestry]
  3186 | D:4      | Reached XP level 6. HP: 47/48 MP: 6/6
  3200 | D:4      | Reached skill level 5 in Short Blades
  3604 | D:5      | Entered Level 5 of the Dungeon
  3764 | D:5      | Reached skill level 6 in Short Blades
  3768 | D:5      | Gained mutation: You regenerate a little health from kills.
                  | [demonic ancestry]
  3768 | D:5      | Reached XP level 7. HP: 34/54 MP: 7/7
  3962 | D:5      | Found a broken altar of Ashenzari.
  3963 | D:5      | Found a sacrificial altar of Ru.
  4984 | D:5      | Reached skill level 1 in Evocations
  5205 | D:6      | Reached XP level 8. HP: 51/60 MP: 8/8
  5557 | D:6      | Reached skill level 1 in Armour
  5811 | D:6      | Noticed a six-headed hydra
  5826 | D:6      | Killed a six-headed hydra
  5827 | D:6      | Reached skill level 7 in Short Blades
  5827 | D:6      | Gained mutation: You have a small tail. [demonic ancestry]
  5827 | D:6      | Reached XP level 9. HP: 42/65 MP: 9/9
  5930 | D:6      | Found a shimmering altar of Xom.
  5951 | D:6      | Reached skill level 8 in Short Blades
  6039 | D:6      | Found Nutyocus's Magic Scroll Shop.
  6048 | D:6      | Bought a scroll of enchant weapon for 97 gold pieces
  6048 | D:6      | Bought a scroll of identify for 26 gold pieces
  6048 | D:6      | Bought a scroll of identify for 26 gold pieces
  6048 | D:6      | Bought a scroll of identify for 26 gold pieces
  6048 | D:6      | Bought a scroll of identify for 26 gold pieces
  6048 | D:6      | Bought a scroll of vulnerability for 52 gold pieces
  6117 | D:6      | Reached skill level 5 in Stealth
  6195 | D:6      | Found a shimmering blue altar of Sif Muna.
  6363 | D:7      | Found Gayl's General Store.
  6398 | D:7      | Bought 6 poisoned darts for 28 gold pieces
  6398 | D:7      | Bought 2 javelins for 19 gold pieces
  6590 | D:7      | Found a staircase to the Ecumenical Temple.
  6781 | D:7      | Found a snail-covered altar of Cheibriados.
  7313 | D:7      | Reached skill level 5 in Throwing
  7573 | D:8      | Identified the +2 hand axe "Sicoang" {venom, *Slow Int+2
                  | Dex+3}
  7581 | D:8      | Reached XP level 10. HP: 68/71 MP: 10/10
  8075 | D:8      | Noticed Maurice
  8087 | D:8      | Killed Maurice
  8102 | D:8      | Noticed Pikel
  8137 | D:7      | Killed Pikel
  8229 | D:8      | Noticed a gargoyle
  8271 | D:8      | Killed from afar by a gargoyle

Illustrated notes

Levels and vault maps discovered:
D:1:      minmay_arrival_wavy_path, layout_basic, columned_hall_lemuel
D:2:      layout_basic, hellmonk_ecumenical_altar_heavens_door, uniq_jessica
D:3:      layout_basic, nicolae_wu_jian_glorious_leap,
          nicolae_gozag_seed_capital, gammafunk_ghost_grave
D:4:      layout_cave_pools, gammafunk_ghost_necromancy
D:5:      layout_gridville, grunt_temple_overflow_open
D:6:      cheibrodos_fzero, layout_rooms, mainiacjoe_overflow_boulevard,
          lemuel_blue_sif_altar, serial_shops, shop
D:7:      layout_rooms, chequers_temple_overflow_statue_of_worship,
          minmay_temple_entry_ruins, serial_shops, nicolae_shop_stone
D:8:      layout_loops_ring, uniq_pikel, uniq_maurice

Skill      XL: |  1  2  3  4  5  6  7  8  9 10 |
---------------+-------------------------------+-----
Stealth        | 1 2 4 7 |  7.0
Short Blades   | 3 4 6 7 8 |  8.0
Fighting       | 3 4 |  4.0
Throwing       | 2 4 5 7 |  7.0
Evocations     | 2 4 |  4.0
Dodging        | 4 |  4.0
Armour         | 4 |  4.0

Action                   |  1- 3 |  4- 6 |  7- 9 | 10-12 || total
-------------------------+-------+-------+-------+-------++-------
Melee: Short sword       |   103 |   117 |   265 |    63 ||   548
       Rapier            |     3 |       |       |       ||     3
       Kick              |    18 |    42 |    99 |    11 ||   170
       Touch             |     4 |    27 |    48 |     6 ||    85
       Punch             |       |     1 |     3 |       ||     4
       Tailslap          |       |       |    18 |     6 ||    24
Throw: Boomerang         |     1 |       |     4 |       ||     5
       Throwing net      |       |       |     1 |     1 ||     2
Evoke: Wand              |       |       |     4 |     3 ||     7
  Use: Scroll            |       |     6 |    11 |       ||    17
       Potion            |       |       |     2 |     6 ||     8
 Stab: Sleeping          |     1 |     4 |     3 |     1 ||     9
       Held in net/web   |       |       |     2 |     2 ||     4
       Distracted        |       |       |     2 |       ||     2
       Paralysed         |       |       |       |     1 ||     1
Armor: Leather armour    |    28 |    24 |    74 |     3 ||   129
       Skin              |       |       |       |    22 ||    22
Dodge: Dodged            |    68 |    61 |   166 |    28 ||   323

Table legend: (Time is in decaauts)
 A = Elapsed time spent in this place.
 B = Non-inter-level travel time spent in this place.
 C = Inter-level travel time spent in this place.
 D = Time resting spent in this place.
 E = Time spent auto-exploring this place.
 F = Levels seen in this place.
 G = Mean time per level.
                   A        B        C        D        E       F      G
               +--------+--------+--------+--------+--------+-----+--------+
         Total |   8157 |   8026 |    131 |   1785 |   4850 |   8 | 1019.6 |
       Dungeon |   8157 |   8026 |    131 |   1785 |   4850 |   8 | 1019.6 |
               +--------+--------+--------+--------+--------+-----+--------+

Top non-repeatable levels by time:
     D:5: 1798 daAuts
     D:3: 1464 daAuts
     D:6: 1196 daAuts
     D:7: 924 daAuts
     D:1: 881 daAuts
     D:2: 697 daAuts
     D:8: 647 daAuts
     D:4: 547 daAuts
